 Dungeon Crawl Stone Soup version 0.30-a0-779-g7971cf19c3 (webtiles) character file.

Game seed: 2165976821514955054

1848 KennySheep the Skirmisher (level 9, 0/86 (93) HPs)
             Began as a Naga Hunter on Feb 18, 2023.
             Slain by a vampire mosquito (6 damage)
             ... on level 10 of the Dungeon.
             The game lasted 00:12:57 (4084 turns).

KennySheep the Skirmisher (Naga Hunter)             Turns: 4084, Time: 00:12:57

HP:   0/86 (93)     AC:  6    Str: 13      XL:     9   Next: 12%
MP:   9/9           EV: 10    Int: 10 (11) God:
Gold: 246           SH:  0    Dex: 15 (18) Spells: 8/8 levels left

rFire   . . .      SeeInvis +    a - +0 shortbow
rCold   . . .      Faith    .    (shield currently unavailable)
rNeg    . . .      Spirit   .    m - +3 leather armour
rPois   +          Reflect  .    (no helmet)
rElec   .          Harm     .    p - +2 cloak
rCorr   .          Rampage  .    (no gloves)
Will    +....                    (no barding)
Stlth   ++                       (no amulet)
HPRegen 0.34/turn                (no ring)
MPRegen 0.11/turn                (no ring)

@: corroded, drained, very slow
A: AC +3, large, see invisible, deformed body, poison resistance, slowness 2,
spit poison 1, naga tail 1
a: Spit Poison


You were on level 10 of the Dungeon.
You visited 1 branch of the dungeon, and saw 8 of its levels.

You collected 246 gold pieces.

Inventory:

Hand Weapons
 a - a +0 shortbow (weapon)
Missiles
 k - 2 curare-tipped darts
 r - a throwing net
Armour
 c - a +0 leather armour
 f - a +0 troll leather armour
 j - a +2 buckler
 m - a +3 leather armour (worn)
 p - a +2 cloak (worn)
Scrolls
 b - a scroll of immolation
 d - 3 scrolls of identify
 g - a scroll of fog
 q - 2 scrolls of poison
Potions
 e - 2 potions of magic
 i - a potion of brilliance


   Skills:
 + Level 10.1 Fighting
 * Level 12.0 Ranged Weapons
 + Level 2.3 Dodging
 + Level 3.6 Stealth


You had 8 spell levels left.
You didn't know any spells.
Your spell library contained the following spells:

 Spells                   Type           Power      Damage    Failure   Level
 Necrotise                Necr           0%         1d4       43%         1
 Dazzling Flash           Conj/Hex       0%         N/A       82%         3
 Vampiric Draining        Necr           0%         2d6       82%         3
 Agony                    Necr           0%         N/A       100%        5
 Silence                  Hex/Air        0%         N/A       100%        5


Dungeon Overview and Level Annotations

Branches:
Dungeon (10/15)
 Temple: D:4-7         Lair: D:8-11         Orc: D:9-12

Altars:
Yredelemnul

Shops:
D:5 :

Annotations:
D:5 Ijyb


Innate Abilities, Weirdness & Mutations

Your serpentine skin is tough. (AC +3)
You have supernaturally acute eyesight. (SInv)
Armour fits poorly on your strangely shaped body.
Your system is resistant to poisons. (rPois)
You cover ground very slowly.
You can spit poison.
You have a snake-like lower body.


Message History

The wight moves out of view.
You don't know any spells.
Okay, then.
It was a potion of attraction.
You feel attractive to monsters. The wight hits you but does no damage.
As you read the scroll of teleportation, it crumbles to dust.
You feel strangely unstable. The wight hits you but does no damage.
The wight hits you but does no damage.
Your surroundings suddenly seem different.
Found a falchion.
Found a stone staircase leading down.
There is a stone staircase leading down here.
You start resting.
You feel less attractive to monsters.
You start resting.
An acid dragon is nearby!
An acid dragon is nearby!
The acid dragon roars!
The acid dragon spits acid at you. The splash of acid hits you!!
* * * LOW HITPOINT WARNING * * *
The acid corrodes you!
You climb downwards.
The vampire mosquito buzzes angrily.
You hear a shout!
Found a scroll of identify and 18 gold pieces.
There is a stone staircase leading up here.
A vampire mosquito comes into view. x2
The electric eel shoots out a bolt of lightning at you!
The bolt of electricity hits you.
* * * LOW HITPOINT WARNING * * *
The vampire mosquito bites you.
* * * LOW HITPOINT WARNING * * *
The vampire mosquito draws strength from your injuries!
The vampire mosquito closely misses you.
A troll comes into view.
You shoot an arrow.
The arrow barely misses the vampire mosquito.
The troll shouts!
The vampire mosquito bites you.
You die...

~........~≈≈.....
≈~.........~~.....
≈≈..............~~
~~..............~~
........$......≈~≈
..........<.?...S≈
.~~~............~≈
T≈~....y........~~
~~~....@..........
~.................
~≈........~.......
..................
..................
.#...............
#.#####.####.## #.
.# ##


You could see a troll and a vampire mosquito.

Vanquished Creatures
  Prince Ribbit (D:8)
  Grinder (D:5)
  A yak (D:8)
  A sky beast (D:3)
  An ogre (D:5)
  A centaur (D:8)
  A bullfrog (D:8)
  A wight (D:8)
  3 killer bees (D:8)
  4 howler monkeys
  A hound (D:5)
  An orc priest (D:3)
  Terence (D:3)
  Jessica (D:3)
  An iguana (D:4)
  Natasha (twice) (D:4)
  2 orc wizards
  2 gnolls (D:9)
  6 adders
  2 worms
  4 dart slugs
  10 orcs
  5 bats
  12 endoplasms
  4 giant cockroaches
  5 hobgoblins
  A quokka (D:2)
  9 ball pythons
  3 frilled lizards
  5 goblins
  6 kobolds
  4 rats (D:1)
102 creatures vanquished.

Notes
Turn   | Place    | Note
-------+----------+-------------------------------------------
     0 | D:1      | KennySheep the Naga Hunter began the quest for the Orb.
     0 | D:1      | Reached XP level 1. HP: 19/19 MP: 1/1
    70 | D:1      | Reached XP level 2. HP: 26/26 MP: 2/2
   130 | D:1      | Reached skill level 4 in Ranged Weapons
   434 | D:1      | Reached XP level 3. HP: 33/33 MP: 3/3
  1231 | D:2      | Reached XP level 4. HP: 36/40 MP: 4/4
  1937 | D:3      | Reached skill level 5 in Ranged Weapons
  2139 | D:3      | Noticed Terence
  2144 | D:3      | Noticed Jessica
  2149 | D:3      | Reached skill level 11 in Ranged Weapons
  2149 | D:3      | Reached XP level 5. HP: 16/49 MP: 5/5
  2150 | D:3      | Reached XP level 6. HP: 25/72 MP: 6/6
  2156 | D:3      | Reached XP level 7. HP: 39/78 MP: 7/7
  2189 | D:3      | Killed Terence
  2367 | D:3      | Killed Jessica
  2692 | D:4      | Noticed Natasha
  2698 | D:4      | Killed Natasha
  2938 | D:4      | Noticed Natasha
  2944 | D:4      | Killed Natasha
  3121 | D:4      | Found a basalt altar of Yredelemnul.
  3398 | D:5      | Entered Level 5 of the Dungeon
  3428 | D:5      | Noticed Grinder
  3428 | D:5      | Noticed Ijyb
  3467 | D:5      | Killed Grinder
  3468 | D:5      | Reached XP level 8. HP: 86/86 MP: 8/8
  3515 | D:5      | Found Teosympot's Self-Improvement Boutique.
  3574 | D:5      | You fall into a shaft and drop 3 floors!
  3596 | D:8      | Noticed Prince Ribbit
  3609 | D:8      | Reached skill level 10 in Fighting
  3627 | D:8      | Killed Prince Ribbit
  3890 | D:8      | Noticed a yak
  3891 | D:8      | Noticed a yak
  3907 | D:8      | Noticed a yak
  3918 | D:8      | Killed a yak
  3919 | D:8      | Reached XP level 9. HP: 41/86 MP: 9/9
  3941 | D:9      | Reached skill level 12 in Ranged Weapons
  3986 | D:9      | HP: 2/86 [yak (5)]
  4080 | D:10     | Entered Level 10 of the Dungeon
  4083 | D:10     | Noticed a troll
  4084 | D:10     | Slain by a vampire mosquito

Illustrated notes

Levels and vault maps discovered:
D:1:      elethiomel_arrival_shortcut, layout_basic, minmay_close_crescents
D:2:      minmay_alternating_diamond, layout_basic
D:3:      layout_basic, uniq_terence, uniq_jessica
D:4:      layout_basic, lemuel_coloured_pillars_altar, uniq_natasha
D:5:      layout_cave_pools, dancing_weapons_uskayaw, minmay_temple_entry_fiery,
          nicolae_shop_self_help, uniq_grinder, uniq_ijyb
D:8:      layout_rooms, uniq_prince_ribbit1
D:9:      layout_basic, erik_lair_island, uniq_maggie
D:10:     hangedman_cross_veins, layout_basic, orc_0_dummy, serial_shops,
          kennysheep_mini_moat, minmay_misc_feat_cross, patterned_corridor

Skill      XL: |  1  2  3  4  5  6  7  8  9 |
---------------+----------------------------+-----
Ranged Weapons | 4 11 12 | 12.0
Fighting       | 3 9 10 | 10.1
Stealth        | 2 3 |  3.6
Dodging        | 2 |  2.3

Action                     |  1- 3 |  4- 6 |  7- 9 || total
---------------------------+-------+-------+-------++-------
   Fire: Shortbow          |    73 |    69 |   248 ||   390
    Use: Scroll            |       |     5 |     7 ||    12
         Potion            |       |     3 |     7 ||    10
 Armour: Leather armour    |     4 |    11 |    63 ||    78
         Troll leather arm |       |       |     7 ||     7
  Dodge: Dodged            |    11 |    28 |    80 ||   119

Table legend: (Time is in decaauts)
 A = Elapsed time spent in this place.
 B = Non-inter-level travel time spent in this place.
 C = Inter-level travel time spent in this place.
 D = Time resting spent in this place.
 E = Time spent auto-exploring this place.
 F = Levels seen in this place.
 G = Mean time per level.
                   A        B        C        D        E       F      G
               +--------+--------+--------+--------+--------+-----+--------+
         Total |   5251 |   5018 |    233 |    475 |   3589 |   8 |  656.4 |
       Dungeon |   5251 |   5018 |    233 |    475 |   3589 |   8 |  656.4 |
               +--------+--------+--------+--------+--------+-----+--------+

Top non-repeatable levels by time:
     D:3: 1159 daAuts
     D:2: 1158 daAuts
     D:1: 1128 daAuts
     D:4: 1029 daAuts
     D:8: 380 daAuts
     D:5: 230 daAuts
     D:9: 160 daAuts
    D:10: 4 daAuts
